 Dungeon Crawl Stone Soup version 0.27-a0-520-gb83adbd1c9 (webtiles) character file.

Game seed: 5473131523903506817

127 Morbidden the Sneak (level 4, -3/34 HPs)
             Began as a Demonspawn Brigand on Mar 4, 2021.
             Slain by Grinder (7 damage)
             ... on level 3 of the Dungeon.
             The game lasted 00:03:05 (2760 turns).

Morbidden the Sneak (Demonspawn Brigand)            Turns: 2760, Time: 00:03:06

Health: -3/34      AC:  4    Str: 11    XL:     4   Next: 85%
Magic:  4/4        EV:  9    Int: 14    God:
Gold:   250        SH:  8    Dex: 14    Spells: 3/3 levels left

rFire    . . .     SeeInvis .   a - +2 dagger
rCold    . . .     Faith    .   w - +2 kite shield
rNeg     . . .     Spirit   .   b - +0 robe
rPois    .         Reflect  .   o - +0 helmet
rElec    .         Harm     .   c - +0 cloak
rCorr    .         Rampage  .   (no gloves)
Will     .....                  (no boots)
Stlth    +++.......             (no amulet)
HPRegen  0.11/turn              (no ring)
MPRegen  0.09/turn              (no ring)

@: invisible
A: foul stench 2
a: no special abilities


You were on level 3 of the Dungeon.
You visited 1 branch of the dungeon, and saw 3 of its levels.

You collected 250 gold pieces.

Inventory:

Hand Weapons
 a - a +2 dagger (weapon)
 t - a +0 hunting sling
Missiles
 d - 27 poisoned darts
 e - 2 curare-tipped darts
 r - 28 sling bullets
 v - 8 boomerangs (quivered)
Armour
 b - a +0 robe (worn)
 c - a +0 cloak (worn)
 o - a +0 helmet (worn)
 w - a +2 kite shield (worn)
Jewellery
 l - a ring of ice
Scrolls
 f - 4 scrolls of identify
 g - 3 scrolls of enchant weapon {unknown}
 i - a scroll of blinking {unknown}
 m - 4 scrolls of teleportation {unknown}
 q - a scroll of noise {unknown}
 u - a scroll of enchant armour {unknown}
Potions
 k - a potion of mutation {unknown}
 p - a potion of flight


   Skills:
 * Level 2.6 Fighting
 + Level 2.5 Short Blades
 + Level 2.2 Throwing
 + Level 1.2 Dodging
 + Level 4.9 Stealth


You had 3 spell levels left.
You didn't know any spells.
Your spell library contained the following spells:

 Spells                   Type           Power        Failure   Level
 Animate Skeleton         Necr           0%           90%         1
 Apportation              Tloc           0%           90%         1
 Corona                   Hex            0%           90%         1
 Summon Small Mammal      Summ           0%           90%         1


Dungeon Overview and Level Annotations

Branches:
Dungeon (3/15)

Altars:
Trog

Annotations:
D:3 Grinder


Innate Abilities, Weirdness & Mutations

You sometimes emit foul miasma when damaged in melee.


Message History

Grinder is severely wounded.
Grinder barely misses you.
Unknown command.
Throw: 8 boomerangs
Press: ? - help, Q - select action, (/) - cycle Shift-Dir - straight line, f - Grinder
Aim: Grinder (severely wounded, 57% to hit)
You throw a boomerang. The boomerang barely misses Grinder.
Grinder blinks!
Grinder blinks!
Unknown command.
Throw: 8 boomerangs
Press: ? - help, Q - select action, (/) - cycle Shift-Dir - straight line, f/p - Grinder
Aim: Grinder (severely wounded, 57% to hit)
You throw a boomerang. The boomerang closely misses Grinder.
Throw: 8 boomerangs
Press: ? - help, Q - select action, (/) - cycle Shift-Dir - straight line, f/p - Grinder
Aim: Grinder (severely wounded, 57% to hit)
You throw a boomerang. The boomerang closely misses Grinder.
Grinder gestures at you. Pain shoots through your body!
Unknown command.
Unknown command.
Unknown command.
Throw: 8 boomerangs
Press: ? - help, Q - select action, (/) - cycle Shift-Dir - straight line, f/p - Grinder
Aim: Grinder (severely wounded, 57% to hit)
You throw a boomerang. The boomerang hits Grinder.
Grinder is severely wounded.
Grinder gestures at you. Pain shoots through your body!
* * * LOW HITPOINT WARNING * * *
Your shield prevents you from hitting Grinder.
Grinder is severely wounded.
You block Grinder's attack.
Unknown command.
Unknown command.
It was a potion of invisibility.
You fade into invisibility!
Grinder hits you!
You die...

####.#######.#
######.# #.#
.......# #.#
######## #.#
#.# #.# #.# #
#.#####$#
#.5@....#
#########


You could see Grinder.

Vanquished Creatures
  A scorpion (D:2)
  3 adders
  A worm (D:2)
  4 dart slugs
  A leopard gecko (D:2)
  2 ball pythons
  2 giant cockroaches
  4 goblins
  6 hobgoblins
  A quokka (D:3)
  6 bats
  5 frilled lizards
  3 kobolds
  5 rats
44 creatures vanquished.

Notes
Turn   | Place    | Note
-------+----------+-------------------------------------------
     0 | D:1      | Morbidden the Demonspawn Brigand began the quest for the
                  | Orb.
     0 | D:1      | Reached XP level 1. HP: 16/16 MP: 1/1
   229 | D:1      | Reached skill level 4 in Stealth
   363 | D:1      | Gained mutation: You may rarely emit foul miasma when
                  | damaged in melee. [demonic ancestry]
   363 | D:1      | Reached XP level 2. HP: 22/22 MP: 2/2
  1055 | D:2      | Noticed a scorpion
  1055 | D:2      | Found a bloodstained altar of Trog.
  1083 | D:2      | Killed a scorpion
  1084 | D:2      | Reached skill level 1 in Dodging
  1084 | D:2      | Gained mutation: You sometimes emit foul miasma when
                  | damaged in melee. [demonic ancestry]
  1084 | D:2      | Reached XP level 3. HP: 9/28 MP: 3/3
  1084 | D:2      | Reached XP level 4. HP: 11/34 MP: 4/4
  2716 | D:3      | Noticed Grinder
  2726 | D:3      | Paralysed by Grinder for 2 turns
  2746 | D:3      | Paralysed by Grinder for 4 turns
  2760 | D:3      | Slain by Grinder

Illustrated notes

Levels and vault maps discovered:
D:1:      psy_arrival_conway, layout_loops_corners
D:2:      layout_rooms, overflow_temple_1_default
D:3:      layout_basic, lemuel_round_altar, uniq_crazy_yiuf_cottage,
          uniq_terence, uniq_grinder

Skill      XL: |  1  2 |
---------------+-------+-----
Stealth        | 4 |  4.9
Short Blades   | 2 |  2.5
Throwing       | 2 |  2.2
Dodging        | 1 |  1.2
Fighting       | |  2.6

Action                   |  1- 3 |  4- 6 || total
-------------------------+-------+-------++-------
Melee: Dagger            |    32 |   109 ||   141
Throw: Dart              |    11 |     8 ||    19
       Boomerang         |       |     4 ||     4
  Use: Potion            |       |     5 ||     5
       Scroll            |       |     1 ||     1
 Stab: Sleeping          |     7 |     2 ||     9
Armor: Robe              |    11 |    36 ||    47
       Skin              |       |     7 ||     7
Dodge: Dodged            |    24 |    58 ||    82
Block: Kite shield       |       |     7 ||     7

Table legend: (Time is in decaauts)
 A = Elapsed time spent in this place.
 B = Non-inter-level travel time spent in this place.
 C = Inter-level travel time spent in this place.
 D = Time resting spent in this place.
 E = Time spent auto-exploring this place.
 F = Levels seen in this place.
 G = Mean time per level.
                   A        B        C        D        E       F      G
               +--------+--------+--------+--------+--------+-----+--------+
         Total |   2758 |   2572 |    186 |    215 |   1956 |   3 |  919.3 |
       Dungeon |   2758 |   2572 |    186 |    215 |   1956 |   3 |  919.3 |
               +--------+--------+--------+--------+--------+-----+--------+

Top non-repeatable levels by time:
     D:1: 1289 daAuts
     D:2: 934 daAuts
     D:3: 535 daAuts
